 Dungeon Sprint DCSS version 0.15-a0-1224-g3833f9c (webtiles) character file.

400000 Infinimo the Executioner (level 11, -4/72 HPs)
             Began as a Demonspawn Gladiator on June 1, 2014.
             Slain by a meat berserker
             ... wielding a +9,+9 battleaxe
              (76 damage)
             ... in the Dungeon (Sprint VIII: "Arena of Blood").
             The game lasted 00:00:12 (4 turns).

Infinimo the Executioner (Demonspawn Gladiator)        Turns: 4, Time: 00:00:13

HP  -4/72        AC  7     Str 16      XL: 11   Next: 37%
MP  11/11        EV 12     Int 10      God:
Gold 0           SH  0     Dex 16      Spells:  0 memorised, 10 levels left

rFire  . . .     SeeInvis .     l - +∞ Axe of Woe
rCold  . . .     Clarity  .     b - +0 leather armour
rNeg   . . .     rCorr    .     (no shield)
rPois  .         rRot     .     (helmet unavailable)
rElec  .         Spirit   .     (no cloak)
SustAb .         Warding  .     (no gloves)
rMut   .         NoTele   +     (no boots)
Gourm  .                        (no amulet)
MR     .....                    (no ring)
                                (no ring)

@: not resistant to hostile enchantments, very unstealthy
A: horns 3, iridescent scales 1, powered by pain 1, spiny 1
a: no special abilities


You were in the Dungeon.
You were not hungry.

You visited 1 branch

Inventory:

Hand weapons
 a - a +0,+0 war axe
 l - the +∞,+∞ Axe of Woe (weapon)
   (You found it in the Dungeon)
Missiles
 d - 3 throwing nets (quivered)
Armour
 b - a +0 leather armour (worn)
 c - a +0 helmet
Comestibles
 f - a bread ration
Scrolls
 k - a scroll of blinking
Potions
 e - a potion of curing
 g - a potion of heal wounds
 h - a potion of haste
 i - 2 potions of magic
 j - a potion of berserk rage


   Skills:
 - Level 2.0 Fighting
 + Level 23.2 Axes
 - Level 1.7 Throwing
 - Level 2.6 Dodging


You had 10 spell levels left.
You didn't know any spells.

Dungeon Overview and Level Annotations

Branches:
Dungeon (1/1)

Altars:
Makhleb


Innate Abilities, Weirdness & Mutations

You have a pair of large horns on your head.
You are partially covered in iridescent scales (AC +4).
You sometimes gain a little power by taking damage.
You are partially covered in sharp spines.


Message History

Increase (S)trength, (I)ntelligence, or (D)exterity?
You feel agile.
Your demonic ancestry asserts itself...
A pair of horns grows on your head!
Your +0 helmet falls away!
You have reached level 7!
You have reached level 8!
You feel stronger.
You have reached level 9!
Your experience leads to an increase in your attributes!
Increase (S)trength, (I)ntelligence, or (D)exterity?
You feel agile.
Your demonic ancestry asserts itself...
The horns on your head grow some more.
You have reached level 10!
Your demonic ancestry asserts itself...
The horns on your head grow some more.
You have reached level 11!
You hear a shout! x4
The meat berserker hits you with a +9,+9 battleaxe!!!!
Ouch! That really hurt!
You die...

... .. ....o #.
...# #.. ...#
.###.. ...###..
......###...O..
......_.....
#....O# #_.<)@#
#.....#
......_.....
......###......
.###.. ...###..
#.. ...# #.
...# .. .....
...


You could see a meat berserker (berserk) and a bag of meat.

Vanquished Creatures
  An ogre (D)
1 creature vanquished.

Notes
Turn   | Place    | Note
--------------------------------------------------------------
     0 | D        | Infinimo, the Demonspawn Gladiator, began the quest for the Orb.
     0 | D        | Reached XP level 1. HP: 16/16 MP: 1/1
     2 | D        | Noticed a meat berserker
     2 | D        | Noticed a meat berserker
     4 | D        | Noticed a bag of meat
     4 | D        | Killed a meat berserker
     4 | D        | Reached skill level 23 in Axes
     4 | D        | Gained mutation: You are partially covered in iridescent scales (AC +4). [demonic ancestry]
     4 | D        | Reached XP level 2. HP: 22/22 MP: 2/2
     4 | D        | Gained mutation: You sometimes gain a little power by taking damage. [demonic ancestry]
     4 | D        | Reached XP level 3. HP: 27/27 MP: 3/3
     4 | D        | Gained mutation: You are partially covered in sharp spines. [demonic ancestry]
     4 | D        | Reached XP level 4. HP: 33/33 MP: 4/4
     4 | D        | Reached XP level 5. HP: 38/38 MP: 5/5
     4 | D        | Gained mutation: You have a pair of small horns on your head. [demonic ancestry]
     4 | D        | Reached XP level 6. HP: 44/44 MP: 6/6
     4 | D        | Reached XP level 7. HP: 50/50 MP: 7/7
     4 | D        | Reached XP level 8. HP: 56/56 MP: 8/8
     4 | D        | Gained mutation: You have a pair of horns on your head. [demonic ancestry]
     4 | D        | Reached XP level 9. HP: 61/61 MP: 9/9
     4 | D        | Gained mutation: You have a pair of large horns on your head. [demonic ancestry]
     4 | D        | Reached XP level 10. HP: 67/67 MP: 10/10
     4 | D        | Reached XP level 11. HP: 72/72 MP: 11/11
     4 | D        | Slain by a meat berserker

Action                   |  1- 3 |  4- 6 |  7- 9 | 10-12 || total
-------------------------+-------+-------+-------+-------++-------
Melee: Executioner's axe |     1 |       |       |       ||     1
